 Dungeon Crawl Stone Soup version 0.23-a0-375-g66a18ee (webtiles) character file.

310 BingusPrime the Bolt Thrower (level 6, -3/37 HPs)
             Began as a Tengu Hunter on Oct 26, 2018.
             Slain by an orc wizard
             ... wielding a +0 dagger of protection
              (4 damage)
             ... on level 3 of the Dungeon.
             The game lasted 00:05:46 (1420 turns).

BingusPrime the Bolt Thrower (Tengu Hunter)         Turns: 1420, Time: 00:05:46

Health: -3/37      AC:  3    Str: 12    XL:     6   Next: 41%
Magic:  7/7        EV: 12    Int: 11    God:
Gold:   66         SH:  0    Dex: 17    Spells: 5/5 levels left

rFire    . . .     SeeInvis .   l - +4 scythe (venom)
rCold    . . .     Gourm    .   (shield currently unavailable)
rNeg     . . .     Faith    .   c - +0 leather armour
rPois    .         Spirit   .   (helmet restricted)
rElec    .         Reflect  .   (no cloak)
rCorr    .         Harm     .   (no gloves)
MR       .....                  (boots unavailable)
Stlth    ++........             (no amulet)
HPRegen  0.12/turn              (no ring)
MPRegen  0.10/turn              (no ring)

@: no status effects
A: beak, talons 3, able to fly 1
a: Fly


You were on level 3 of the Dungeon.
You were hungry.

You visited 1 branch of the dungeon, and saw 3 of its levels.

You collected 66 gold pieces.

Inventory:

Hand Weapons
 a - a +1 hand crossbow
 h - a +2 short sword of speed
 l - a +4 scythe of venom (weapon)
Missiles
 p - a tomahawk (quivered)
Armour
 c - a +0 leather armour (worn)
Jewellery
 e - an uncursed ring of see invisible {unknown}
 k - a +6 ring of strength {unknown}
Scrolls
 g - 4 scrolls of identify {unknown}
Potions
 b - a potion of berserk rage {unknown}
 i - a potion of magic {unknown}
 j - a potion of experience {unknown}
 m - a potion of cancellation {unknown}
 n - a potion of curing {unknown}
Comestibles
 f - 4 rations
 o - 3 chunks of flesh


   Skills:
 + Level 3.2 Fighting
 + Level 7.4 Crossbows
 + Level 1.3 Armour
 + Level 2.2 Dodging
 + Level 1.1 Stealth


You had 5 spell levels left.
You didn't know any spells.
Your spell library was empty.

Dungeon Overview and Level Annotations

Branches:
Dungeon (3/15)

Altars:
Ru
Vehumet


Innate Abilities, Weirdness & Mutations

You have a beak for a mouth.
You have claws for feet.
You can fly.


Message History

You barely miss the orc wizard.
The orc wizard is lightly wounded.
The orc wizard looks satisfied for a moment.
The orc wizard hits you with a +0 dagger of protection.
* * * LOW HITPOINT WARNING * * *
You closely miss the orc wizard. Your kick misses the orc wizard.
The orc wizard is lightly wounded.
The orc wizard hits you but does no damage.
The orc wizard gestures at you while chanting.
The magic dart hits you!
* * * LOW HITPOINT WARNING * * *
You hit the orc wizard but do no damage.
The orc wizard is poisoned.
Your kick misses the orc wizard.
You peck the orc wizard, but do no damage.
The orc wizard is lightly wounded.
The orc wizard casts a spell at you. The puff of flame hits you!
* * * LOW HITPOINT WARNING * * *
The orc wizard hits you with a +0 dagger of protection.
You die...

...........
..........
..........
.........
.........
#.(......
#(.......
#........
#@.......
#o#######
#)# #)#####
#.....#
#)....#
#..(..#
..#.....#
...l.....+


You could see an orc wizard.

Vanquished Creatures
  Sigmund (D:2)
  A jelly (D:2)
  Jessica (D:2)
  2 adders
  A dart slug (D:1)
  5 leopard geckos
  8 orcs (D:3)
  7 goblins
  8 hobgoblins
  10 kobolds
  A quokka (D:2)
  A ball python (D:2)
  6 bats
  6 frilled lizards
  9 rats
67 creatures vanquished.

Notes
Turn   | Place    | Note
-------+----------+-------------------------------------------
     0 | D:1      | BingusPrime the Tengu Hunter began the quest for the Orb.
     0 | D:1      | Reached XP level 1. HP: 12/12 MP: 2/2
    68 | D:1      | Reached XP level 2. HP: 17/17 MP: 3/3
   120 | D:1      | Reached skill level 5 in Crossbows
   230 | D:1      | Reached XP level 3. HP: 21/21 MP: 4/4
   724 | D:2      | Noticed Sigmund
   726 | D:2      | Reached skill level 6 in Crossbows
   726 | D:2      | Reached XP level 4. HP: 19/26 MP: 5/5
   731 | D:2      | Killed Sigmund
   731 | D:2      | Reached skill level 7 in Crossbows
   731 | D:2      | Gained mutation: You can fly. [Tengu growth]
   731 | D:2      | Reached XP level 5. HP: 18/32 MP: 6/6
   731 | D:2      | Reached XP level 6. HP: 21/36 MP: 7/7
   792 | D:2      | Reached skill level 1 in Armour
   981 | D:2      | Found a sacrificial altar of Ru.
  1089 | D:2      | Found a radiant altar of Vehumet.
  1224 | D:2      | Noticed Jessica
  1226 | D:2      | Killed Jessica
  1420 | D:3      | HP: 1/37 [orc wizard/puff of flame (4)]
  1420 | D:3      | Slain by an orc wizard

Vault maps used:
D:1:      tarquinn_simple_flora_water_f, minmay_misc_feat_plants
D:2:      hangedman_ru_absence, vehumet_crystals, first_ration, uniq_jessica,
          uniq_sigmund
D:3:      cheibrodos_greedy_goblins, nicolae_qazlal_style_of_elements

Skill      XL: |  1  2  3  4  5  6 |
---------------+-------------------+-----
Crossbows      | 5 6 7 |  7.4
Armour         | 1 |  1.3
Fighting       | 3 |  3.2
Dodging        | |  2.2
Stealth        | |  1.1

Action                   |  1- 3 |  4- 6 || total
-------------------------+-------+-------++-------
Melee: Scythe            |       |    14 ||    14
       Peck              |       |     3 ||     3
       Kick              |       |     2 ||     2
 Fire: Hand crossbow     |    69 |    49 ||   118
Throw: Tomahawk          |       |     8 ||     8
  Eat: Chunk             |       |     1 ||     1
Armor: Leather armour    |     3 |     6 ||     9
Dodge: Dodged            |     6 |     9 ||    15

Table legend:
 A = Non-vault XP
 B = Vault XP
 C = Vault XP percentage of total XP
 D = Non-vault monster count
 E = Vault monster count
 F = Vault count percentage of total count
                 A         B        C        D         E       F
            +---------+---------+-------+---------+---------+-------
      Total |     180 |     264 |  59.5 |      65 |       2 |   3.0
            +---------+---------+-------+---------+---------+-------
        D:1 |      56 |       0 |   0.0 |      35 |       0 |   0.0
        D:2 |      85 |     264 |  75.6 |      20 |       2 |   9.1
        D:3 |      39 |       0 |   0.0 |      10 |       0 |   0.0
            +---------+---------+-------+---------+---------+-------
